 Dungeon Crawl Stone Soup version 0.29.1-15-g9cfb28693d (webtiles) character file.

Game seed: 17962811227616698411

392 avenstey the Slasher (level 6, -8/47 HPs)
             Began as a Demonspawn Monk on Mar 19, 2023.
             Killed from afar by Dowan (21 damage)
             ... with a shard of ice
             ... on level 4 of the Dungeon.
             The game lasted 00:07:33 (4376 turns).

avenstey the Slasher (Demonspawn Monk)              Turns: 4376, Time: 00:07:34

Health: -8/47      AC:  8    Str: 13    XL:     6   Next: 51%
Magic:  6/6        EV: 15    Int: 12    God:
Gold:   83         SH:  0    Dex: 15    Spells: 5/5 levels left

rFire   + . .      SeeInvis .   b - +6 short sword
rCold   . . .      Faith    .   (no shield)
rNeg    . . .      Spirit   .   q - +1 robe {rF+}
rPois   .          Reflect  .   (helmet restricted)
rElec   .          Harm     .   (no cloak)
rCorr   .          Rampage  .   p - +1 pair of gloves
Will    .....                   o - +2 pair of boots
Stlth   ++........              (no amulet)
HPRegen 0.15/turn               (no ring)
MPRegen 0.10/turn               (no ring)

@: no status effects
A: horns 1, repulsion field 1, demonic guardian 1
a: no special abilities


You were on level 4 of the Dungeon.
You visited 1 branch of the dungeon, and saw 4 of its levels.

You collected 340 gold pieces.
You spent 257 gold pieces at shops.

Inventory:

Hand Weapons
 b - a +6 short sword (weapon)
Missiles
 v - 10 poisoned darts (quivered)
Armour
 o - a +2 pair of boots (worn)
 p - a +1 pair of gloves (worn)
 q - a +1 robe of fire resistance (worn)
Wands
 a - a wand of flame (6)
 n - a wand of charming (4)
Scrolls
 e - 2 scrolls of vulnerability {unknown}
 f - a scroll of poison {unknown}
 g - a scroll of acquirement {unknown}
 i - 2 scrolls of amnesia {unknown}
 l - 2 scrolls of fog {unknown}
 m - a scroll of teleportation {unknown}
 r - a scroll of magic mapping
 s - a scroll of enchant armour
 t - a scroll of blinking
 u - 3 scrolls of identify {unknown}
 w - a scroll of fear {unknown}
Potions
 c - 2 potions of ambrosia
 d - 3 potions of curing {unknown}
 h - a potion of heal wounds {unknown}
 j - a potion of attraction {unknown}
 k - 2 potions of brilliance {unknown}


   Skills:
 - Level 3.2 Fighting
 + Level 6.5 Long Blades
 - Level 3.0 Dodging
 - Level 1.9 Stealth


You had 5 spell levels left.
You didn't know any spells.
Your spell library contained the following spells:

 Spells                   Type           Power      Damage    Failure   Level
 Blink                    Tloc           0%         N/A       45%         2
 Manifold Assault         Tloc           0%         N/A       100%        5
 Storm Form               Tmut/Air       0%         N/A       100%        7


Dungeon Overview and Level Annotations

Branches:
Dungeon (4/15)
 Temple: D:4-7

Altars:

Shops:
D:3 ?   D:4 =

Annotations:
D:4 Dowan


Innate Abilities, Weirdness & Mutations

You have a pair of small horns on your head.
You are surrounded by a mild repulsion field. (EV +2)
A weak demonic guardian rushes to your aid.


Message History

Dowan is heavily wounded.
Dowan hits you with a +1 dagger of electrocution.
You are electrocuted!
Dowan hits you but does no damage.
You hit Dowan but do no damage. You headbutt Dowan.
Dowan is severely wounded.
Dowan hits you but does no damage.
You are electrocuted!!
* * * LOW HITPOINT WARNING * * *
You hit Dowan.
Dowan is severely wounded.
Dowan hits you but does no damage.
You hit Dowan.
Dowan is almost dead.
Dowan hits you but does no damage. Dowan misses you.
You hit Dowan but do no damage.
Dowan is almost dead.
Dowan mumbles some strange words.
Dowan blinks!
Dowan mumbles some strange words.
Dowan blinks!
Throw: 11 darts (poison)
Press: ? - help, Q - select action, (/) - cycle Shift-Dir - straight line, f - Dowan
Aim: Dowan, wielding a +1 dagger of electrocution and wearing a +2 robe of cold resistance (almost dead, fast, 48% to hit)
You throw a poisoned dart. The poisoned dart hits Dowan.
Dowan is almost dead.
Dowan casts a spell.
Dowan blinks!
There is a stone staircase leading up here.
You start resting.
Dowan is nearby!
Dowan hits you but does no damage.
You hit Dowan.
Dowan is almost dead.
Dowan barely misses you. Dowan gestures at you while chanting.
The stone arrow misses you.
You hit Dowan but do no damage.
Dowan is almost dead.
Dowan gestures at you while chanting. The shard of ice hits you!!
You die...

#....###.........#
#.#....†.....#####
#...#.∩#####.#
#####.#.##.# #.####
#........).# #....#
#.....###### #.#######
#.....###.######........
+...(...e...†[.....(....
#.....###@######.....$..
#.....# #<# #.....e..
#.....# #.# #.....###
#.....# #.# #.....#
####### #.# ......# #.#
..#.### ..# ...# ###


You could see Dowan (fast).

Vanquished Creatures
  Duvessa (D:4)
  A phantom (D:4)
  An orc priest (D:3)
  Jessica (D:2)
  2 gnolls (D:1)
  6 adders
  A worm (D:2)
  A dart slug (D:3)
  7 orcs
  6 endoplasms
  3 giant cockroaches
  7 hobgoblins
  A jackal (D:3)
  3 quokkas
  13 ball pythons
  5 bats
  4 frilled lizards
  6 goblins
  11 kobolds
  8 rats
88 creatures vanquished.

Vanquished Creatures (collateral kills)
  A ball python (D:1)
1 creature vanquished.

Grand Total: 89 creatures vanquished

Notes
Turn   | Place    | Note
-------+----------+-------------------------------------------
     0 | D:1      | avenstey the Demonspawn Monk began the quest for the Orb.
     0 | D:1      | Reached XP level 1. HP: 18/18 MP: 1/1
   293 | D:1      | Reached skill level 3 in Long Blades
   293 | D:1      | Gained mutation: A weak demonic guardian rushes to your
                  | aid. [demonic ancestry]
   293 | D:1      | Reached XP level 2. HP: 7/24 MP: 2/2
  1318 | D:1      | Reached XP level 3. HP: 29/29 MP: 3/3
  1974 | D:2      | Noticed Jessica
  1978 | D:2      | Killed Jessica
  1979 | D:2      | Reached skill level 4 in Long Blades
  1979 | D:2      | Reached XP level 4. HP: 22/35 MP: 4/4
  2169 | D:2      | Found a faded altar of an unknown god.
  2702 | D:3      | You fall into a shaft and drop 1 floor!
  2728 | D:4      | Noticed a phantom
  2759 | D:4      | Killed a phantom
  2760 | D:4      | Reached skill level 5 in Long Blades
  2760 | D:4      | Gained mutation: You have a pair of small horns on your
                  | head. [demonic ancestry]
  2760 | D:4      | Reached XP level 5. HP: 13/41 MP: 5/5
  3296 | D:3      | Found Jetwued's Magic Scroll Emporium.
  3315 | D:3      | Bought a scroll of magic mapping for 82 gold pieces
  3315 | D:3      | Bought a scroll of enchant armour for 82 gold pieces
  3315 | D:3      | Bought a scroll of blinking for 82 gold pieces
  3315 | D:3      | Bought a scroll of noise for 11 gold pieces
  3819 | D:3      | Gained mutation: You are surrounded by a mild repulsion
                  | field. (EV +2) [demonic ancestry]
  3819 | D:3      | Reached XP level 6. HP: 31/47 MP: 6/6
  4032 | D:4      | Found Sodarumergh's Jewellery Shoppe.
  4048 | D:4      | Reached skill level 6 in Long Blades
  4093 | D:4      | Noticed Duvessa
  4093 | D:4      | Noticed Dowan
  4123 | D:4      | Killed Duvessa
  4376 | D:4      | Killed from afar by Dowan

Illustrated notes

Levels and vault maps discovered:
D:1:      tarquinn_simple_flora_water_e, layout_basic
D:2:      layout_basic, shapermc_ecumenical_altar_ellora, uniq_jessica
D:3:      minmay_chambers_of_threes, layout_loops_cross, serial_shops,
          nicolae_shop_trees, minmay_shallow_snake_nest
D:4:      layout_basic, old_standard_altar, nicolae_overflow_hidden_temple,
          minmay_temple_entry_antechambers, serial_shops, shop, uniq_duvessa

Skill      XL: |  1  2  3  4  5  6 |
---------------+-------------------+-----
Long Blades    | 3 4 5 6 |  6.5
Dodging        | 3 |  3.0
Fighting       | |  3.2
Stealth        | |  1.9

Action                   |  1- 3 |  4- 6 || total
-------------------------+-------+-------++-------
Melee: Falchion          |    81 |    11 ||    92
       Punch             |     1 |     2 ||     3
       Short sword       |       |   172 ||   172
       Headbutt          |       |    19 ||    19
Throw: Dart              |       |     2 ||     2
 Stab: Sleeping          |     4 |     1 ||     5
Armor: Robe              |    10 |    66 ||    76
Dodge: Dodged            |    43 |   118 ||   161
